Cogmind - Beta 15 @@@ ROGUE MODE // 2025.06.25 @ 21:54:52 Player: LoftTara Result: Destroyed by as-62573 with Assembled F-torch Performance ------------- Evolutions (0) 0 Regions Visited (2) 400 Robots Destroyed (9) 45 Value Destroyed (276) 276 Prototype IDs (0) 0 Alien Tech Used (0) 0 Bonus (0) 0 TOTAL SCORE: 721 Bonus ------- None Cogmind --------- Core Integrity 0/250 Matter 240/300 Energy 250/250 System Corruption 0% Temperature Warm (109) Movement Hovering (77) Location -10/Mines Parts ------- > --- POWER (1) -------- Ion Engine > --- PROPULSION (2) --- Combat Airjet Combat Airjet > --- UTILITY (2) ------ Small Storage Unit Targeting Computer > --- WEAPON (2) ------- Small Laser Mini Grenade Launcher > --- INVENTORY (8) ---- Hover Unit Hover Unit Hover Unit Medium Battery (150) Peak State ------------ > --- POWER ------------ Ion Engine > --- PROPULSION ------- Combat Airjet Combat Airjet > --- UTILITY ---------- Small Storage Unit Targeting Computer > --- WEAPON ----------- Small Laser Mini Grenade Launcher > --- INVENTORY -------- Hover Unit Hover Unit Hover Unit Medium Battery Light Armor Plating [Rating: 16] Favorites ----------- Power Ion Engine Engine Ion Engine Propulsion Light Treads Treads Light Treads Hover Unit Hover Unit Utility Small Storage Unit Storage Small Storage Unit Processor Targeting Computer Protection Light Armor Plating Weapon Small Laser Energy Gun Small Laser Launcher Mini Grenade Launcher Build | -11 -10 -10 ------- Run | Yrd Mat Min Slots Evolved . | . . . Power . | . . . Propulsion . | . . . Utility . | . . . Weapon . | . . . Parts Attached 18 | 6 6 6 Power 2 | 1 1 . Engine 2 | 1 1 . Core . | . . . Reactor . | . . . Propulsion 7 | 2 2 3 Treads 2 | 2 . . Leg . | . . . Wheel . | . . . Hover 5 | . 2 3 Flight . | . . . Utility 4 | 1 1 2 Device . | . . . Storage 1 | 1 . . Processor 1 | . . 1 Hackware . | . . . Protection 2 | . 1 1 Artifact . | . . . Weapon 5 | 2 2 1 Energy Gun 4 | 2 2 . Energy Cannon . | . . . Ballistic Gun . | . . . Ballistic Cannon . | . . . Launcher 1 | . . 1 Special Weapon . | . . . Impact Weapon . | . . . Slashing Weapon . | . . . Piercing Weapon . | . . . Special Melee Weapon . | . . . Unidentified Prototypes . | . . . Parts Lost 6 | . . 6 Power 1 | . . 1 Propulsion 2 | . . 2 Utility 2 | . . 2 Weapon 1 | . . 1 Highest Loss Streak 6 | . . 6 To Critical Strikes . | . . . Average Backups 4 | 1 4 4 Power . | . 1 . Propulsion 2 | . 1 2 Utility . | . . 1 Weapon . | . 1 . Tool/Special . | . . . Unused Backups 2 | . . 2 Power . | . . . Propulsion . | . . . Utility 2 | . . 2 Weapon . | . . . Tool/Special . | . . . Average Slot Usage (%) 90 | . 90 90 Engine 13 | . 14 13 Treads 12 | . 13 11 Hover 12 | . 14 11 Storage 14 | . 14 14 Processor 4 | . . 7 Protection 5 | . 5 5 Energy Gun 23 | . 28 19 Launcher 3 | . . 5 Peak Build Rating 16 | 6 7 16 Average Rating 7 | 4 6 10 On Entrance 4 | . 6 7 Naked Turns . | . . . Heaviest Build 16 | 12 16 16 Greatest Support 40 | 40 40 40 Greatest Overweight (x) 3 | . . 3 Average Overweight (x) . | . . . Largest Inventory Capacity 8 | 8 8 8 Average Capacity 7 | 6 8 8 Most Carried 8 | 5 6 8 Average Carried 4 | 2 4 4 Final Capacity 8 | 8 8 8 Final Carried 6 | 2 6 4 Class Distribution -------------------- 100% | Mutant Dominant Class ---------------- Mutant | -10/Materials Mutant | -10/Mines Resources | -11 -10 -10 ----------- Run | Yrd Mat Min Matter Collected 365 | 229 101 35 Remotely . | . . . Salvage Created 284 | . 101 183 Parts 15 | . 6 9 Haulers Intercepted . | . . . Recyclers Shooed . | . . . Parts Field Recycled . | . . . Retrieved Matter . | . . . Parts Self-Destructed . | . . . Prevented . | . . . Kills | -11 -10 -10 ------- Run | Yrd Mat Min Combat Hostiles Destroyed 9 | . 4 5 Guns 8 | . 4 4 AOE 1 | . . 1 Classes Destroyed 6 | . 3 3 Operator 1 | . 1 . Swarmer 3 | . 3 . Grunt 1 | . 1 . Sentry 2 | . . 2 Demolisher 2 | . . 2 Assembled 1 | . . 1 Best Kill Streak 3 | . 3 2 Combat Bots Only 3 | . 3 2 Max Kills in Single Turn 1 | . 1 1 Gunslinging . | . . . Exploded 1 | . . 1 Melee . | . . . Uniques/NPCs Destroyed . | . . . Combat | -11 -10 -10 -------- Run | Yrd Mat Min Hostile Shots Fired 80 | . 35 45 Missed 26 | . 15 11 Hits 54 | . 20 34 Melee 2 | . . 2 Projectile 52 | . 20 32 AOE 15 | . . 15 Critical Strikes 1 | . . 1 Part Disruptions 1 | . . 1 Damage Taken 1094 | . 149 945 Core 252 | . 40 212 Absorbed by Shields . | . . . Core Remaining (%) 100 | 100 . . Volleys Fired 36 | . 13 23 Largest 2 | . 2 2 Hottest 80 | . 80 80 Shots Fired 56 | . 26 30 Gun 55 | . 26 29 Cannon . | . . . Launcher 1 | . . 1 Special . | . . . Kinetic . | . . . Thermal 49 | . 26 23 Explosive 1 | . . 1 Electromagnetic 6 | . . 6 Robot Hit Streak 4 | . 4 4 Robot Miss Streak 2 | . 2 2 Penetration Max . | . . . Secondary Targets 3 | . 2 1 Max Gunslinging Chain 1 | . 1 1 Shots Hit Robots 29 | . 14 15 Core Hits 19 | . 7 12 Critical Kills . | . . . Critical Parts Destroyed . | . . . Critical Strikes . | . . . Melee Attacks . | . . . Impact . | . . . Slashing . | . . . Piercing . | . . . Sneak Attacks . | . . . Combat Hostiles . | . . . Follow-up Attacks . | . . . Damage Inflicted 373 | . 187 186 Guns 343 | . 187 156 Cannons . | . . . Explosions 30 | . . 30 Melee . | . . . Ramming . | . . . Kinetic . | . . . Thermal 336 | . 187 149 Explosive 4 | . . 4 Electromagnetic 33 | . . 33 Impact . | . . . Slashing . | . . . Piercing . | . . . Highest Corruption . | . . . Average Corruption . | . . . Corruption Purged . | . . . Corruption Blocked . | . . . Overload Shots . | . . . Overflow Damage . | . . . Projectiles . | . . . Explosions . | . . . Melee . | . . . Knockbacks . | . . . Impact . | . . . Kinetic . | . . . Secondary . | . . . Self-Inflicted Damage . | . . . Shots . | . . . Rammed . | . . . Targets Rammed . | . . . Kicked . | . . . Crushed . | . . . Highest Temperature 260 | . 260 183 Average Temperature 94 | . 121 68 Received Heat Transfer 163 | . . 163 Siege Activations . | . . . Martial Activations . | . . . Shielding Activations . | . . . Robots Disrupted . | . . . Combat Hostiles . | . . . Robots Corrupted . | . . . Combat Hostiles . | . . . Parts Fried . | . . . Impact Corruptions . | . . . Robots Melted . | . . . Combat Hostiles . | . . . Parts Melted 1 | . 1 . Heat Transferred 750 | . 425 325 Parts Sabotaged . | . . . Parts Stolen . | . . . Parts Stripped . | . . . Power Chain Reactions 1 | . . 1 Alert | -11 -10 -10 ------- Run | Yrd Mat Min Maximum Alert Level . | . . . Low Security (%) 100 | 100 100 100 Level 1 . | . . . Level 2 . | . . . Level 3 . | . . . Level 4 . | . . . Level 5 . | . . . High Security . | . . . Max Security . | . . . Peak Influence 82 | . 82 46 Initial 12 | . . 12 Average 19 | . 39 10 Influence Increases 207 | . 107 100 Destroy 0b10 Robot/C 160 | . 80 80 Destroy 0b10 Robot/NC 5 | . 5 . Destroy Leader 20 | . 10 10 Successful Hack 12 | . 12 . Destroy Structure 10 | . . 10 Influence Decreases 207 | . 75 132 Entered New Map 20 | . . 20 Time Decay 141 | . 75 66 Lost Part 46 | . . 46 Squads Dispatched . | . . . Investigation . | . . . Extermination . | . . . Reinforcement . | . . . Assault . | . . . Garrison . | . . . Intercept . | . . . Searches Triggered . | . . . Construction Impeded . | . . . Haulers Reinforced . | . . . Active Scanning Responses . | . . . Cargo Convoy Interrupts . | . . . Stealth | -11 -10 -10 --------- Run | Yrd Mat Min Distress Signals 1 | . . 1 Communications Jammed . | . . . Distress Signals . | . . . Times Spotted 13 | . 7 6 Peak Tracking Total 4 | . 4 3 Tactical Retreats . | . . . Traps | -11 -10 -10 ------- Run | Yrd Mat Min Traps Triggered . | . . . Indirectly . | . . . Trap Hack Attempts . | . . . Triggered . | . . . Disarmed . | . . . Reprogrammed . | . . . Reused . | . . . Traps Extracted . | . . . Installed . | . . . Triggered . | . . . Machines | -11 -10 -10 ---------- Run | Yrd Mat Min Machines Disabled 2 | . . 2 Max in Single Turn 1 | . . 1 Machines Repaired . | . . . Machines Dismantled . | . . . Machines Sabotaged . | . . . Overloaded Fab Kills . | . . . Hacking | -11 -10 -10 --------- Run | Yrd Mat Min Machines Accessed 1 | . 1 . Terminals 1 | . 1 . Fabricators . | . . . Repair Stations . | . . . Recycling Units . | . . . Scanalyzers . | . . . Garrison Access . | . . . Total Hacks 1 | . 1 . Successful 1 | . 1 . Failed . | . . . Catastrophic . | . . . Database Lockouts . | . . . Manual . | . . . Terminals 1 | . 1 . Fabricators . | . . . Repair Stations . | . . . Recycling Units . | . . . Scanalyzers . | . . . Garrison Access . | . . . Terminal Hacks 1 | . 1 . Record 1 | . 1 . Fabricator Hacks . | . . . Repair Station Hacks . | . . . Recycling Unit Hacks . | . . . Scanalyzer . | . . . Garrison Access Hacks . | . . . Unauthorized Hacks . | . . . Terminals . | . . . Fabricators . | . . . Repair Stations . | . . . Recycling Units . | . . . Scanalyzers . | . . . Garrison Access . | . . . Data Cores Recovered 1 | . 1 . Used . | . . . Hacking Detections 1 | . 1 . Full Trace Events . | . . . Feedback Events . | . . . Feedback Blocked . | . . . Robot Schematics Acquired . | . . . Robots Built . | . . . Authchips . | . . . Time . | . . . Total Robot Build Rating . | . . . Part Schematics Acquired . | . . . Parts Built . | . . . Authchips . | . . . Time . | . . . Total Part Build Rating . | . . . Parts Repaired . | . . . Time . | . . . Parts Recycled . | . . . Recycled Matter . | . . . Retrieved Matter . | . . . Retrieved Components . | . . . Parts Scanalyzed . | . . . Part Schematics Acquired . | . . . Parts Damaged . | . . . Bothacking | -11 -10 -10 ------------ Run | Yrd Mat Min Used RIF Installer . | . . . Robots Hacked . | . . . Non-combat . | . . . Combat . | . . . Robot Hacks Applied . | . . . Relay Couplers Released . | . . . Fabnet Peak Effective % . | . . . Robots Rewired . | . . . Allies Hacked . | . . . Hacks Repelled . | . . . Allies | -11 -10 -10 -------- Run | Yrd Mat Min Total Allies . | . . . Largest Group . | . . . Highest-Rated Group . | . . . Highest-Rated Ally . | . . . Total Orders . | . . . Ally Attacks . | . . . Total Damage . | . . . Kills . | . . . Allies Corrupted . | . . . Allies Melted . | . . . Intel | -11 -10 -10 ------- Run | Yrd Mat Min Active Infowar (turns) . | . . . Robot Analysis Total . | . . . Derelict Logs Recovered . | . . . Drone Launches . | . . . Drone Recoveries . | . . . Exploration | -11 -10 -10 ------------- Run | Yrd Mat Min Turns Passed 507 | 78 188 241 Spaces Moved 350 | 44 151 155 Core 21 | 5 . 16 Treads 123 | 39 47 37 Legs . | . . . Wheels . | . . . Hover 206 | . 104 102 Flight . | . . . Fastest Speed 50 | 50 56 77 Average Speed 105 | 147 88 109 Slowest Speed 200 | 160 160 200 Overloaded Moves . | . . . Propulsion Burnouts . | . . . Robots Hopped . | . . . Potential Cave-ins . | . . . Cave-ins Triggered . | . . . Exploration Rate (%) 27 | 3 30 50 Regions Visited 2 Branch Regions 1 Pre-discovered Areas . | . . . Known Exits Taken . | . . . Unknown Exits Taken 2 | 1 1 . Scrap Searched 1 | . . 1 Spaces Dug . | . . . Terrain Destroyed 13 | . . 13 Melee . | . . . Projectile . | . . . AOE 13 | . . 13 Terrain Rammed . | . . . Walls Destroyed . | . . . Machines Disabled . | . . . Actions | -11 -10 -10 --------- Run | Yrd Mat Min Total 432 | 57 178 197 Wait . | . . . Move 348 | 43 150 155 Hop . | . . . Pick Up 20 | 8 5 7 Fast Attach . | . . . Attach 15 | 6 3 6 Detach 2 | . 2 . Swap 8 | . 5 3 Drop 3 | . . 3 Fire 36 | . 13 23 Melee . | . . . Ram . | . . . Kick . | . . . Crush . | . . . Escape Stasis . | . . . Rewire . | . . . Trap . | . . . Miscellaneous . | . . . Route ------- -11/Scrapyard -10/Materials -10/Mines (discovered 1 exit: [*Mat]) History --------- Turn | Location | Event 4 | -11/Scrapyard | Discovered new exit (range 15) 79 | -11/Scrapyard | Entered Materials 188 | -10/Materials | Discovered new exit (range 13) 267 | -10/Materials | Entered Mines 278 | -10/Mines | Discovered new exit (range 7) 308 | -10/Mines | Assembled infested the area 310 | -10/Mines | Build established: Mutant 359 | -10/Mines | Core integrity fell below 50% 396 | -10/Mines | Lost 6 parts (1p2n2u1w) 503 | -10/Mines | Core integrity fell below 20% 508 | -10/Mines | Destroyed by as-62573 with Assembled F-torch Last Messages --------------- The unstable cave ceiling collapses. Acquired 15 matter. The unstable cave ceiling collapses. Acquired Mni. Grenade Launcher. R-06 Scavenger collects Imp. Light Armor Plating. Acquired Cmb. Airjet. R-06 Scavenger collects Shock Absorption System. The unstable cave ceiling collapses. U-05 Engineer lays Concrete. The unstable cave ceiling collapses. U-05 Engineer builds a Wall. The unstable cave ceiling collapses. Acquired Lgt. Armor Plating. The unstable cave ceiling collapses. Dropped Lgt. Armor Plating. K-01 Serf collects debris. U-05 Engineer lays Concrete. K-01 Serf cleans the Matter Pump. as-70712 destroyed. Map ----- +----------------------------------------------------+ | | | | | | | | | | | | | | | | | | | | | | | | | | | | | ?????????????????????????????????????????????????? | | ?????????????????????????????????????????????????? | | ?????????????????????????????????????????????????? | | ?????????????????????????????????????????????????? | | ????????????????????###??????????????????????????? | | ???????????????????## #?????????????????????????? | | ??????????????????## ?????????????????????????? | | ?????????????????## #????????????????????????? | | ?????????????????# ######################??? | | ?????????????????# #??? | | ?????????????????# #??? | | ??????????????# %@ ################# #??? | | ??????????????# a = #???????????????# #??? | | ??????????????# %= #???????????????# #??? | | ????????????%* #?????????????### #??? | | ???????????%% =% ##????????????## #??? | | ???????????? ##?????????????# #??? | | ???????????? ???????????????# #??? | | ????????????#### ???????????????# ##?? | | ???????????????## ?????????###???## #?? | | ????????????????#* ????????## ##?## #?? | | ????????????????#% #### ????????# ### #?? | | ????????????????# ???## ????????# ### | | ????????????????#!?????#?????????## # | | ?????????#????????????????????????## | | ????????## ????????????????????????## | | ????????# #????????????????????????#### ### | | ??????### ##?????###?????????????????#####?## | | ??????? #???# ##??????????????????????## | | ??????## # ### ????????????????????#### | | ??????? # ???????????????????## | | ???????# ???????????????????## """ | | ???????# # ????????????????????# """ | | ???????? " ?????????????????????# """ | | ???????### ######????????????????## | | ??????## # ###????????????????#### ## | +----------------------------------------------------+ Best States ------------- Heat Dissipation 25 Energy Generation 10 Energy Capacity 250 Matter Stores 300 Matter Capacity 300 Sight Range 16 Terrain Scan Density 10 Armor Coverage 150 Evasion (%) 53 Targeting Accuracy 5 Recoil Reduction 2 Item Schematics ----------------- None Robot Schematics ------------------ None Fabricated ------------ Nothing Repaired ---------- Nothing Alien Tech Used ----------------- None Achievements -------------- None Challenges ------------ None Game ------ Seed BlastThrusterHumpback Manual? 0 Play Time 00:15:33 Cumulative 2.9 hours Start 2025.06.25 @ 21:41:07 End 2025.06.25 @ 21:54:52 Sessions 1 Manual Loads 0 Difficulty Rogue Special Mode None Game No. 7 Rogue 7 Adventurer 0 Explorer 0 Win Type - Total 0 Types 0/0/0/0/0/0/0/0/0/0 Lore% 3 Gallery% 5 Achievement% 6 Wizard Run 0 Options --------- Layout 1 ASCII 0 Keyboard 0 Movement Mouse Keybinds 0 Fullscreen 1 Font 48/Smallcaps Map View 50x35 Zoom Use 0% Tactical HUD 0 Map Filters NONE Filters NONE Steam 1 RUN: 3c2acd89-571f-4719-bcdb-64f986bbc585